[Event "Titled Tuesday Blitz October 11 Early 2022"]
[White "Ali Abdullahi, Farah"]
[Black "Ferreira, Vitor Hugo Vieira"]
[WhiteFideId "16100212"]
[BlackFideId "2119765"]
[WhiteElo "2301"]
[BlackElo "2168"]
[Result "1/2-1/2"]
[Round "04"]
[TimeControl "180+1"]
[Date "2022.10.12"]
[WhiteClock "0:00:09"]
[BlackClock "0:00:35"]

1. d4 d5 2. Nf3 Nf6 3. c4 c6 4. cxd5 cxd5 5. Nc3 Nc6 6. Bg5 Ne4 7. h4 Nxg5 8. hxg5 Bg4 9. e3 e6 10. Qb3 Qb6 11. Bb5 Be7 12. Ne5 Bf5 13. Bxc6+ bxc6 14. Qxb6 axb6 15. Nxc6 Bxg5 16. f4 Bf6 17. Nb5 O-O 18. Ne5 Rfc8 19. Nd6 Rc2 20. Nxf5 exf5 21. Nd7 Bd8 22. O-O Rxb2 23. Rfc1 g5 24. Rc6 Kg7 25. a4 b5 26. Nb6 Bxb6 27. Rxb6 gxf4 28. exf4 b4 29. a5 b3 30. a6 Ra2 31. Rb1 Ra4 32. R1xb3 Rxd4 33. Rg3+ Kf8 34. a7 Rxa7 35. Rb8+ Ke7 36. Rg5 Rxf4 37. Rh5 Ra2 38. Rxh7 Rg4 39. Rb7+ Ke6 40. Rb6+ Ke5 41. Rxf7 Rgxg2+ 42. Kf1 Rgc2 43. Re7+ Kf4 44. Rb4+ Kg5 45. Re1 Rh2 46. Kg1 Rag2+ 47. Kf1 Rd2 48. Kg1 Rhe2 49. Ra1 d4 50. Rb8 Kf4 51. Rf1+ Ke3 52. Rxf5 Re1+ 53. Rf1 Rxf1+ 54. Kxf1 Rd1+ 55. Kg2 d3 56. Re8+ Kd2 57. Kf2 Rh1 58. Ra8 Rh2+ 59. Kf3 Re2 60. Ra2+ Kd1 61. Ra1+ Kd2 62. Ra2+ Ke1 63. Ra1+ Kd2 64. Ra2+ 1/2-1/2


[Site "https://www.chess.com"]

[Event "Titled Tuesday Blitz October 11 Early 2022"]
[White "Ambartsumova, Karina"]
[Black "Rodriguez Santiago, Jaime"]
[WhiteFideId "4166299"]
[BlackFideId "3100898"]
[WhiteElo "2299"]
[BlackElo "2025"]
[Result "1-0"]
[Round "04"]
[TimeControl "180+1"]
[Date "2022.10.12"]
[WhiteClock "0:00:20"]
[BlackClock "0:00:24"]

1. e4 c6 2. Ne2 d5 3. e5 Bf5 4. Ng3 Bg6 5. h4 h5 6. e6 Qd6 7. exf7+ Bxf7 8. d4 Nf6 9. f4 g6 10. Be3 Nbd7 11. Bd3 Ng4 12. Qe2 Nxe3 13. Qxe3 Bh6 14. O-O Nf6 15. Qe5 O-O-O 16. Qxd6 exd6 17. Nc3 Rde8 18. Nge2 Ng4 19. Rf3 Bg7 20. f5 gxf5 21. Bxf5+ Be6 22. Bg6 Re7 23. Raf1 Kd7 24. Nd1 Rh6 25. Bd3 Bf6 26. g3 Bg7 27. c3 c5 28. dxc5 dxc5 29. Nf4 Bg8 30. Nf2 Nxf2 31. R1xf2 d4 32. Rd2 Kc6 33. a4 dxc3 34. bxc3 Bxc3 35. Bb5+ Kb6 36. Rxc3 c4 37. Nd5+ Bxd5 38. Rxd5 Rc7 39. Rxc4 Rxc4 40. Bxc4 a6 41. a5+ Ka7 42. Be2 Rh7 43. Bxh5 Rg7 44. Kg2 b6 45. Bf3 bxa5 46. Rxa5 Kb6 47. Rg5 a5 48. Rxg7 1-0


[Site "https://www.chess.com"]

[Event "Titled Tuesday Blitz October 11 Early 2022"]
[White "Amgalantengis, Enkh-Amgalan"]
[Black "Bethke, Richard"]
[WhiteFideId "4903536"]
[BlackFideId "12959243"]
[WhiteElo "1772"]
[BlackElo "2369"]
[Result "1-0"]
[Round "04"]
[TimeControl "180+1"]
[Date "2022.10.12"]
[WhiteClock "0:00:35"]
[BlackClock "0:00:01"]

1. d4 f5 2. Bg5 h6 3. Bh4 g5 4. Bg3 Nf6 5. e3 d6 6. h4 g4 7. Bd3 Nh5 8. Ne2 Nc6 9. c4 e5 10. Nbc3 Bg7 11. O-O O-O 12. d5 Ne7 13. f4 e4 14. Bc2 Ng6 15. Qe1 Nxg3 16. Nxg3 Qxh4 17. Nge2 Bd7 18. g3 Qh3 19. Rf2 Nh4 20. gxh4 Qxe3 21. Kg2 Qh3+ 22. Kg1 Qxh4 23. Rh2 Qe7 24. Qh4 Qxh4 25. Rxh4 c6 26. Rd1 Rad8 27. dxc6 Bxc6 28. Nd4 Rc8 29. Nxc6 Rxc6 30. Nd5 Rxc4 31. Bb3 Rc5 32. Nf6+ Kh8 33. Nd7 Re8 34. Nxc5 dxc5 35. Rd7 e3 36. Kf1 e2+ 37. Ke1 g3 38. Rd3 Bd4 39. Rxd4 cxd4 40. Rxh6+ Kg7 41. Rh1 d3 42. Rg1 Kf6 43. Bd5 Rd8 44. Bf3 Re8 45. Kd2 Rc8 46. Kxd3 1-0


[Site "https://www.chess.com"]

[Event "Titled Tuesday Blitz October 11 Early 2022"]
[White "Arabidze, Meri"]
[Black "Zhigalko, Sergei"]
[WhiteFideId "13604040"]
[BlackFideId "13502956"]
[WhiteElo "2403"]
[BlackElo "2662"]
[Result "0-1"]
[Round "04"]
[TimeControl "180+1"]
[Date "2022.10.11"]
[WhiteClock "0:00:03"]
[BlackClock "0:00:04"]

1. Nf3 d5 2. g3 c6 3. Bg2 Bg4 4. O-O Nd7 5. d3 e6 6. Nbd2 Bd6 7. c4 Ne7 8. b3 O-O 9. Bb2 a5 10. a3 Re8 11. h3 Bh5 12. g4 Bg6 13. Nh4 Qc7 14. Nxg6 Nxg6 15. e3 Nh4 16. cxd5 exd5 17. Nf3 Nxg2 18. Kxg2 Ne5 19. Nxe5 Bxe5 20. Bxe5 Rxe5 21. d4 Re6 22. Qf3 Rf8 23. b4 f5 24. gxf5 Ref6 25. Qg3 Qd8 26. f4 axb4 27. axb4 Qd7 28. b5 Qxf5 29. Kh2 cxb5 30. Qf3 Rc6 31. Rf2 Rfc8 32. Rg1 Rc2 33. Rg5 Rxf2+ 34. Qxf2 Qb1 35. Rg2 Rc1 36. Qf3 Qf5 37. Rg5 Qc2+ 38. Rg2 Qf5 39. Rg5 Qc2+ 40. Rg2 Qb3 41. f5 Rc7 42. f6 Rf7 43. Qf5 Qc4 44. Qe6 Qc7+ 45. Kh1 g6 46. Qe8+ Rf8 47. Qe6+ Rf7 48. Qe8+ Rf8 49. Qe6+ Qf7 50. Qxf7+ Kxf7 51. Rb2 Re8 52. Rxb5 Rxe3 53. Rxb7+ Kxf6 54. Rxh7 Rd3 55. Rh4 g5 56. Rg4 Rxh3+ 57. Kg2 Rh4 58. Rg3 Rxd4 59. Rf3+ Rf4 60. Rd3 d4 61. Kg3 Re4 62. Rd1 Kf5 63. Kf3 Re3+ 64. Kf2 Re4 65. Kf3 g4+ 66. Kf2 Kf4 67. Rd3 Ke5 68. Kg3 Re3+ 0-1


[Site "https://www.chess.com"]

[Event "Titled Tuesday Blitz October 11 Early 2022"]
[White "Araujo Sanchez, Josue"]
[Black "Papasimakopoulos, Alexandros"]
[WhiteFideId "6416896"]
[BlackFideId "4244125"]
[WhiteElo "2370"]
[BlackElo "2357"]
[Result "1-0"]
[Round "04"]
[TimeControl "180+1"]
[Date "2022.10.12"]
[WhiteClock "0:01:55"]
[BlackClock "0:00:14"]

1. e4 e6 2. d4 d5 3. Nd2 Nf6 4. Bd3 c5 5. e5 Nfd7 6. c3 Nc6 7. Ne2 cxd4 8. cxd4 f6 9. exf6 Nxf6 10. O-O Bd6 11. Nf3 Qc7 12. Nc3 a6 13. h3 O-O 14. Be3 Bd7 15. Rc1 h6 16. Na4 Rae8 17. Bb1 Re7 18. Re1 Be8 19. Ne5 Bxe5 20. dxe5 Nd7 21. f4 g6 22. b4 Kg7 23. Qg4 h5 24. Qg3 Kg8 25. Qh4 Rh7 26. Nc5 Nxc5 27. Bxc5 Rg7 28. Bxf8 Kxf8 29. a3 Qe7 30. Qxe7+ Kxe7 31. h4 Rg8 32. Bd3 Rf8 33. g3 Rg8 34. Kf2 Bd7 35. Ke3 Kf7 36. Rc5 Ra8 37. Rec1 Rb8 38. Kd2 Be8 39. Ke3 Ke7 40. Bc2 Ra8 41. Ba4 Ra7 42. Bxc6 bxc6 43. Kd4 Rc7 44. Ra5 Ra7 45. Kc5 Kd7 46. Kb6 Ra8 47. Rxa6 Rb8+ 48. Kc5 Rb5+ 49. Kd4 Kc7 50. Ra7+ Kc8 51. Rc5 Rb8 52. Rca5 Rb6 53. Kc5 Rb5+ 54. Rxb5 cxb5 55. Ra8+ Kd7 56. Rb8 Ke7 57. Rb7+ Kd8 58. Kd6 Kc8 59. Rc7+ Kd8 60. Rc5 Bd7 61. Rc7 Be8 62. Ra7 Bc6 63. Kxc6 d4 64. Rd7+ 1-0


[Site "https://www.chess.com"]

[Event "Titled Tuesday Blitz October 11 Early 2022"]
[White "Ardila, Oscar Humberto"]
[Black "Przybylski, Wojciech"]
[WhiteFideId "4404742"]
[BlackFideId "1117599"]
[WhiteElo "1898"]
[BlackElo "2221"]
[Result "0-1"]
[Round "04"]
[TimeControl "180+1"]
[Date "2022.10.12"]
[WhiteClock "0:00:01"]
[BlackClock "0:00:26"]

1. d4 d5 2. c4 e6 3. Nc3 Nf6 4. Bg5 Be7 5. Nf3 O-O 6. e3 Nbd7 7. Bd3 b6 8. cxd5 Nxd5 9. Bxe7 Qxe7 10. Nxd5 exd5 11. O-O c5 12. Qc2 Nf6 13. Ne5 c4 14. Bf5 Bxf5 15. Qxf5 Qe6 16. Qf3 b5 17. Rfd1 h6 18. h3 Ne4 19. a4 b4 20. Qe2 f6 21. Ng6 Rfe8 22. Nf4 Qf7 23. Qh5 f5 24. Qxf7+ Kxf7 25. Nxd5 Rab8 26. f3 Nd6 27. Kf2 g5 28. Nc7 Rec8 29. Nb5 Nxb5 30. axb5 Rc7 31. Ra6 Rxb5 32. Rxh6 Kg7 33. Ra6 c3 34. bxc3 bxc3 35. Rc1 f4 36. e4 Rb2+ 37. Kg1 c2 38. Raa1 Rcb7 39. Kf2 Rb1 40. d5 Rxa1 41. Rxa1 Rb1 42. Rxa7+ Kf6 43. Ra6+ Ke5 44. Re6+ Kd4 45. Rc6 c1=R 46. Rxc1 Rxc1 47. Ke2 Rc2+ 48. Kd1 Ra2 49. Kc1 Ke5 50. Kd1 Rxg2 51. Ke1 Ra2 52. Kf1 Rd2 53. Kg1 Kd4 54. Kf1 Ke3 0-1


[Site "https://www.chess.com"]

[Event "Titled Tuesday Blitz October 11 Early 2022"]
[White "Averjanov, Alexey"]
[Black "Sonnenschein, Philipp"]
[WhiteFideId "14109867"]
[BlackFideId "16250877"]
[WhiteElo "2679"]
[BlackElo "2225"]
[Result "1-0"]
[Round "04"]
[TimeControl "180+1"]
[Date "2022.10.12"]
[WhiteClock "0:02:14"]
[BlackClock "0:00:56"]

1. d4 Nf6 2. c4 g6 3. Nc3 d5 4. cxd5 Nxd5 5. e4 Nxc3 6. bxc3 Bg7 7. Nf3 c5 8. Be3 O-O 9. Qd2 Nc6 10. Rc1 cxd4 11. cxd4 Bg4 12. d5 Bxf3 13. gxf3 Ne5 14. Be2 Qd7 15. f4 Ng4 16. O-O Nxe3 17. Qxe3 e6 18. Bc4 exd5 19. Bxd5 Rfe8 20. Rfd1 Bh6 21. h3 Rac8 22. Kg2 Rxc1 23. Rxc1 Qd6 24. Kf3 Qd7 25. Kg3 Rc8 26. Rxc8+ Qd8 27. Rxd8+ 1-0


[Site "https://www.chess.com"]

[Event "Titled Tuesday Blitz October 11 Early 2022"]
[White "Azadaliyev, Jahandar"]
[Black "Vaibhav Jayant Raut"]
[WhiteFideId "13425811"]
[BlackFideId "5089034"]
[WhiteElo "2204"]
[BlackElo "2147"]
[Result "1/2-1/2"]
[Round "04"]
[TimeControl "180+1"]
[Date "2022.10.12"]
[WhiteClock "0:00:07"]
[BlackClock "0:00:05"]

1. e4 c5 2. Nf3 Nc6 3. d4 cxd4 4. Nxd4 Nf6 5. Nc3 e6 6. Ndb5 Bb4 7. a3 Bxc3+ 8. Nxc3 d5 9. exd5 exd5 10. Bd3 O-O 11. O-O Bg4 12. f3 Be6 13. Bg5 h6 14. Bxf6 Qxf6 15. Re1 Rad8 16. Qd2 Rfe8 17. Rad1 h5 18. Qf2 h4 19. Bb5 h3 20. g3 a6 21. Bxc6 bxc6 22. Ne2 Qxb2 23. Qc5 Qb5 24. Qxb5 cxb5 25. Nd4 Rc8 26. Re3 Rc4 27. Kf2 Rec8 28. Rdd3 Kh7 29. g4 Kg6 30. Kg3 Kf6 31. Kxh3 Rxc2 32. Nxc2 Rxc2 33. Kg3 g5 34. Rd4 Rc4 35. Red3 Ke5 36. Rxc4 bxc4 37. Re3+ Kd4 38. Kf2 c3 39. Re1 Kc4 40. Ke2 d4 41. Kd1 Bd5 42. f4 gxf4 43. Rf1 f3 44. h4 Kd3 45. h5 Ke3 46. h6 Be4 47. Re1+ Kd3 48. Rxe4 Kxe4 49. h7 f2 50. Ke2 f1=Q+ 51. Kxf1 c2 52. h8=Q c1=Q+ 53. Kg2 Qd2+ 54. Kg3 Qe3+ 55. Kh2 Qf4+ 56. Kh3 Qf3+ 57. Kh2 Kd3 58. Qc8 Qf2+ 59. Kh3 Kd2 60. Qxa6 d3 61. Qc4 Ke2 62. a4 Qf3+ 63. Kh2 Qe3 64. a5 f6 65. a6 Ke1 66. Qb4+ Kf1 67. Qb1+ Kf2 68. Qg1+ Kf3 69. Qg3+ Ke4 70. Qxe3+ Kxe3 71. a7 d2 72. a8=Q d1=Q 73. Qa7+ Kf4 74. Qf2+ Kxg4 75. Qxf6 Qe2+ 76. Kg1 Qe1+ 77. Qf1 Qxf1+ 78. Kxf1 1/2-1/2


[Site "https://www.chess.com"]

[Event "Titled Tuesday Blitz October 11 Early 2022"]
[White "Bacrot, Etienne"]
[Black "Subelj, Jan"]
[WhiteFideId "605506"]
[BlackFideId "14618583"]
[WhiteElo "2666"]
[BlackElo "2394"]
[Result "1-0"]
[Round "04"]
[TimeControl "180+1"]
[Date "2022.10.11"]
[WhiteClock "0:00:06"]
[BlackClock "0:00:02"]

1. e4 c5 2. Nf3 d6 3. Bb5+ Nd7 4. d4 cxd4 5. Qxd4 a6 6. Be2 Ngf6 7. O-O e5 8. Qe3 d5 9. exd5 Nxd5 10. Qe4 N5f6 11. Qh4 Be7 12. Rd1 Qc7 13. Nc3 O-O 14. Bg5 h6 15. Bxh6 gxh6 16. Qxh6 Ng4 17. Qh5 Ndf6 18. Qg5+ Kh8 19. h3 Rg8 20. Nd5 Nxd5 21. Qh5+ Kg7 22. Rxd5 Nf6 23. Qg5+ Kf8 24. Qh6+ Ke8 25. Rxe5 Be6 26. Re1 Rg6 27. Qe3 Rd8 28. Bd3 Rg7 29. Qh6 Rg8 30. Ng5 Rd5 31. Nxe6 fxe6 32. Rxe6 Rdg5 33. Bf1 Nd5 34. h4 R5g7 35. Qh5+ Kf8 36. Qxd5 Rf7 37. R6e3 Qxc2 38. Rf3 Rg7 39. Rxf7+ Rxf7 40. Qd4 Bf6 41. Qd6+ Kg7 42. Qg3+ Qg6 43. Qxg6+ Kxg6 44. g3 Bxb2 45. Re2 Bd4 46. Kg2 b5 47. f4 Rc7 48. Kf3 Rc3+ 49. Kg4 Kf6 50. Bg2 b4 51. Bd5 a5 52. Re6+ Kg7 53. h5 a4 54. h6+ Kh8 55. Be4 Rc8 56. Ra6 a3 57. Bd5 Bf2 58. Kf3 Be1 59. g4 Bd2 60. g5 Rf8 61. g6 Rxf4+ 62. Ke2 Rg4 63. Ra8# 1-0


[Site "https://www.chess.com"]

[Event "Titled Tuesday Blitz October 11 Early 2022"]
[White "Baskakov, Egor"]
[Black "Shohat, Yotam"]
[WhiteFideId "24197866"]
[BlackFideId "2813955"]
[WhiteElo "2211"]
[BlackElo "2199"]
[Result "1/2-1/2"]
[Round "04"]
[TimeControl "180+1"]
[Date "2022.10.12"]
[WhiteClock "0:01:06"]
[BlackClock "0:00:04"]

1. e4 c5 2. Nf3 d6 3. d4 cxd4 4. Nxd4 Nf6 5. Nc3 a6 6. a4 g6 7. g3 Bg7 8. Bg2 O-O 9. h3 Nc6 10. Nde2 Nb4 11. O-O Bd7 12. Be3 Rc8 13. a5 Qc7 14. Bb6 Qb8 15. Qd2 Be6 16. Ra4 Nc6 17. Nd5 Bxd5 18. exd5 Ne5 19. b3 Ned7 20. Be3 Nc5 21. Ra2 Rfe8 22. Rb1 Qc7 23. c4 e6 24. dxe6 Rxe6 25. Nf4 Ree8 26. Rc2 Ne6 27. Nxe6 Rxe6 28. Bb6 Qe7 29. Rd1 Re8 30. Qd3 Nd7 31. Be3 Nc5 32. Bxc5 dxc5 33. Bd5 Re1+ 34. Rxe1 Qxe1+ 35. Kg2 Re7 36. Bf3 Bd4 37. Bd5 Qxa5 38. Re2 Qd8 39. Re4 Rxe4 40. Qxe4 b6 41. h4 Qf6 42. f4 h5 43. Kf3 a5 44. Qe8+ Kg7 45. Qd7 Bb2 46. Kg2 Bc1 47. Kh3 Be3 48. Kg2 Bd4 49. Qe8 Bc3 50. Be4 Bd4 51. f5 gxf5 52. Bf3 f4 53. Qe1 fxg3 54. Qxg3+ Qg6 55. Bxh5 Qxg3+ 56. Kxg3 Kf6 57. Kg4 Ke6 58. Kf3 f5 59. Be8 Kf6 60. h5 Kg7 61. Bg6 Kf6 62. Be8 Be5 63. Bg6 Bd4 64. Be8 1/2-1/2


[Site "https://www.chess.com"]

[Event "Titled Tuesday Blitz October 11 Early 2022"]
[White "Beerdsen, Thomas"]
[Black "Rosen, Eric"]
[WhiteFideId "1030108"]
[BlackFideId "2032562"]
[WhiteElo "2567"]
[BlackElo "2362"]
[Result "1-0"]
[Round "04"]
[TimeControl "180+1"]
[Date "2022.10.11"]
[WhiteClock "0:01:50"]
[BlackClock "0:00:01"]

1. e4 c5 2. Nf3 d6 3. d4 Nf6 4. Nc3 cxd4 5. Nxd4 g6 6. h3 Bg7 7. Nf3 O-O 8. Bc4 a6 9. a4 Be6 10. Bxe6 fxe6 11. O-O Nc6 12. Qe2 Nd7 13. Be3 Nde5 14. Nxe5 Bxe5 15. f4 Bxc3 16. bxc3 Qa5 17. Qc4 Rf7 18. f5 exf5 19. exf5 Ne5 20. Qb3 Qc7 21. fxg6 hxg6 22. Rxf7 Nxf7 23. Rf1 e5 24. Qe6 Rf8 25. Qxg6+ Kh8 26. Qf6+ Kh7 27. Rf5 Qd7 28. Rh5+ Kg8 29. Qg6# 1-0


[Site "https://www.chess.com"]

[Event "Titled Tuesday Blitz October 11 Early 2022"]
[White "Bilan, Danila"]
[Black "Klukin, Kirill"]
[WhiteFideId "24161918"]
[BlackFideId "24199273"]
[WhiteElo "2203"]
[BlackElo "2290"]
[Result "0-1"]
[Round "04"]
[TimeControl "180+1"]
[Date "2022.10.12"]
[WhiteClock "0:00:14"]
[BlackClock "0:00:51"]

1. d4 Nf6 2. Nf3 g6 3. Bg5 Bg7 4. c3 O-O 5. Nbd2 d5 6. e3 b6 7. Bd3 Bb7 8. Qe2 Nbd7 9. e4 h6 10. Bh4 Nh5 11. Bg3 Nxg3 12. hxg3 e5 13. dxe5 Nxe5 14. Nxe5 Bxe5 15. Rxh6 Re8 16. O-O-O Qg5 17. Rdh1 dxe4 18. Bc4 Bg7 19. R6h4 Rad8 20. Rf4 Re7 21. Kc2 Be5 22. Qg4 Bxf4 23. Qxf4 Qxf4 24. gxf4 e3 25. fxe3 Rxe3 26. Nf3 Bxf3 27. gxf3 Rxf3 28. Rh4 Rf2+ 29. Kb3 Rdd2 0-1


[Site "https://www.chess.com"]

[Event "Titled Tuesday Blitz October 11 Early 2022"]
[White "Blokhin, Sofia"]
[Black "Heinemann, Josefine"]
[WhiteFideId "4508190"]
[BlackFideId "12900460"]
[WhiteElo "2005"]
[BlackElo "2300"]
[Result "1/2-1/2"]
[Round "04"]
[TimeControl "180+1"]
[Date "2022.10.12"]
[WhiteClock "0:00:02"]
[BlackClock "0:00:07"]

1. d4 d5 2. c4 c6 3. Nc3 Nf6 4. Bf4 dxc4 5. a4 Bf5 6. e3 Nd5 7. Bxc4 Nxf4 8. exf4 e6 9. Nf3 Bd6 10. Ne5 h6 11. g4 Bh7 12. Qb3 b6 13. O-O-O Nd7 14. Rhe1 O-O 15. Bxe6 Bxe5 16. Bxf7+ Rxf7 17. dxe5 Qc7 18. Rxd7 Qxd7 19. e6 Qe7 20. exf7+ Qxf7 21. Qxf7+ Kxf7 22. Ne4 Rd8 23. f5 Bg8 24. Rd1 Rxd1+ 25. Kxd1 Ke7 26. Kd2 c5 27. f4 Bd5 28. Ke3 Bc6 29. a5 Bd5 30. Nc3 Bc6 31. axb6 axb6 32. g5 Kf7 33. h4 h5 34. Ne4 Ke7 35. f6+ Kf7 36. fxg7 Kxg7 37. Nf6 Kg6 38. f5+ Kxf5 39. Nxh5 Kg4 40. Nf6+ Kf5 41. Nh7 b5 42. h5 Bd5 43. g6 b4 44. g7 Bg8 45. Nf8 c4 46. h6 Kf6 47. Kd4 c3 48. bxc3 bxc3 49. Kxc3 Ba2 50. h7 Kxg7 51. Ng6 Bb1 1/2-1/2


[Site "https://www.chess.com"]

[Event "Titled Tuesday Blitz October 11 Early 2022"]
[White "Bluebaum, Matthias"]
[Black "Srihari L R"]
[WhiteFideId "24651516"]
[BlackFideId "46617116"]
[WhiteElo "2633"]
[BlackElo "2336"]
[Result "0-1"]
[Round "04"]
[TimeControl "180+1"]
[Date "2022.10.11"]
[WhiteClock "0:00:19"]
[BlackClock "0:00:07"]

1. d4 Nf6 2. c4 e6 3. Nc3 Bb4 4. e3 O-O 5. Bd2 d5 6. Nf3 b6 7. cxd5 exd5 8. Rc1 Bb7 9. Bd3 Re8 10. O-O Bf8 11. Ne5 c5 12. Bb5 Re7 13. f4 a6 14. Ba4 b5 15. Bc2 Nc6 16. Be1 Rc7 17. Bh4 cxd4 18. exd4 Nxd4 19. Bb1 b4 20. Bxf6 Qxf6 21. Nxd5 Bxd5 22. Rxc7 Qb6 23. Rd7 Be6 24. Kh1 Bxd7 25. Nxd7 Qd6 26. Qd3 g6 27. Ne5 Ne6 28. Qb3 Ra7 29. Rd1 Qc5 30. g3 Rc7 31. Be4 Nd4 32. Qd3 Ne6 33. Qxa6 Qe3 34. Qd3 Qxd3 35. Nxd3 Nc5 36. Nxc5 Bxc5 37. Bd5 Rd7 38. Kg2 Kf8 39. Kf3 f5 40. Ke2 Ke7 41. Bb3 Bd4 42. Ba4 Rd6 43. Rd2 Bf6 44. Rc2 Re6+ 45. Kf3 Rd6 46. Rc7+ Kd8 47. Rxh7 Bxb2 48. Bb3 Bc3 49. Rh6 Ke7 50. h4 Kf8 51. Rh8+ Bxh8 52. Kg2 Bc3 53. Kh3 Rd3 54. h5 gxh5 55. Kh4 Be1 56. Bc2 Rxg3 57. Kxh5 Rf3 58. Bxf5 Rxf4 59. Kg5 Bd2 60. Kg6 Ke7 61. Be6 Kd6 62. Kg7 Kxe6 63. Kg8 Kd5 64. Kh7 Ke6 65. Kh8 Kf7 66. Kh7 Rh4# 0-1


[Site "https://www.chess.com"]

[Event "Titled Tuesday Blitz October 11 Early 2022"]
[White "Bortnyk, Olexandr"]
[Black "Hansen, Eric"]
[WhiteFideId "14120828"]
[BlackFideId "2606771"]
[WhiteElo "2723"]
[BlackElo "2568"]
[Result "1-0"]
[Round "04"]
[TimeControl "180+1"]
[Date "2022.10.11"]
[WhiteClock "0:00:07"]
[BlackClock "0:00:02"]

1. e4 e5 2. Nf3 Nf6 3. Nxe5 d6 4. Nf3 Nxe4 5. Bd3 Nf6 6. O-O Be7 7. h3 O-O 8. c3 b6 9. Bc2 Bb7 10. d4 Nbd7 11. Nbd2 Re8 12. Nc4 a6 13. Ne3 Bf8 14. a4 g6 15. Bb3 Ne4 16. Ng4 Re7 17. Ng5 Nef6 18. Qd3 Nxg4 19. hxg4 Nf6 20. f3 Qd7 21. Bd2 Bd5 22. c4 Bb7 23. d5 a5 24. Bc2 Bg7 25. Rae1 Rae8 26. Bc3 Rxe1 27. Rxe1 Rxe1+ 28. Bxe1 Qe7 29. Bd2 Nd7 30. b3 Nc5 31. Qe3 Qxe3+ 32. Bxe3 Bc8 33. Kf2 Bd7 34. Bxc5 bxc5 35. Ke2 h6 36. Nh3 Bd4 37. Nf4 Kg7 38. Nd3 Kf6 39. g3 Kg5 40. Nf4 Kf6 41. Ng2 Be5 42. Kf2 Bd4+ 43. Kf1 Be5 44. f4 Bd4 45. Bd1 Bc8 46. Ne1 Bc3 47. Nc2 Kg7 48. Kg2 f5 49. Kh3 Kf6 50. Na3 Ke7 51. Nb5 Be1 52. Nxc7 Kd8 53. Nb5 Ke7 54. Na7 Bd7 55. gxf5 gxf5 56. Bh5 Bd2 57. Bg6 Bc3 58. Nc6+ Kf6 59. Bh5 Be1 60. Nd8 Bd2 61. Nf7 1-0


[Site "https://www.chess.com"]

[Event "Titled Tuesday Blitz October 11 Early 2022"]
[White "Buscar, Michael"]
[Black "Biriukov, Ilja"]
[WhiteFideId "2603616"]
[BlackFideId "4113373"]
[WhiteElo "2010"]
[BlackElo "2426"]
[Result "1-0"]
[Round "04"]
[TimeControl "180+1"]
[Date "2022.10.12"]
[WhiteClock "0:01:24"]
[BlackClock "0:01:33"]

1. Nf3 d5 2. g3 Nc6 3. Bg2 e5 4. d3 f5 5. O-O Nf6 6. c4 d4 7. e3 dxe3 8. Bxe3 Be7 9. d4 e4 10. Ne5 O-O 11. Nxc6 bxc6 12. Nc3 Ng4 13. Bf4 g5 14. Be5 Bf6 15. Bxf6 Qxf6 16. d5 Qh6 17. h3 Nf6 18. dxc6 Be6 19. Nd5 Bxd5 20. cxd5 f4 21. Re1 f3 22. Bf1 Rae8 23. Re3 Qg6 24. d6 cxd6 25. Qxd6 Qf5 26. c7 g4 27. h4 Nd5 28. Bc4 Re5 29. Rd1 Kh8 30. Rxd5 Rxd5 31. Qxd5 1-0


[Site "https://www.chess.com"]

[Event "Titled Tuesday Blitz October 11 Early 2022"]
[White "Bychkov, Vladimir"]
[Black "Ilkhomi, Jaloliddin"]
[WhiteFideId "24151513"]
[BlackFideId "14700948"]
[WhiteElo "2197"]
[BlackElo "2045"]
[Result "1-0"]
[Round "04"]
[TimeControl "180+1"]
[Date "2022.10.12"]
[WhiteClock "0:00:45"]
[BlackClock "0:00:03"]

1. Nf3 Nf6 2. g3 d5 3. Bg2 c6 4. d3 Bg4 5. Nbd2 Nbd7 6. c4 e5 7. b3 Bd6 8. Bb2 O-O 9. O-O Qe7 10. cxd5 cxd5 11. Rc1 Rac8 12. h3 Bxf3 13. Nxf3 Ba3 14. Qd2 Bxb2 15. Qxb2 Qd6 16. Rxc8 Rxc8 17. Rc1 Rc7 18. Rxc7 Qxc7 19. b4 e4 20. Nd4 exd3 21. exd3 Qe5 22. Qc3 g6 23. Nb5 a6 24. d4 Qe2 25. Nd6 b6 26. a4 Qd1+ 27. Kh2 Qxa4 28. Bxd5 Nxd5 29. Qc8+ Kg7 30. Qe8 Qc6 31. Qxf7+ Kh8 32. Ne8 Qf6 33. Nxf6 N5xf6 34. Kg2 a5 35. bxa5 bxa5 36. Qa2 Kg7 37. Qxa5 Kf7 38. Qc7 Ke7 39. g4 Nd5 40. Qc6 Nf4+ 41. Kg3 Ne6 42. d5 Ng5 43. f3 Nf7 44. Qe6+ Kf8 45. Qxd7 1-0


[Site "https://www.chess.com"]

[Event "Titled Tuesday Blitz October 11 Early 2022"]
[White "Carrasco Miranda, Andres"]
[Black "Broca Jimenez, Fernando"]
[WhiteFideId "3405990"]
[BlackFideId "5104742"]
[WhiteElo "2183"]
[BlackElo "2062"]
[Result "1-0"]
[Round "04"]
[TimeControl "180+1"]
[Date "2022.10.12"]
[WhiteClock "0:00:17"]
[BlackClock "0:00:04"]

1. d4 Nf6 2. c4 g6 3. g3 Bg7 4. Bg2 d6 5. Nc3 O-O 6. Nf3 Nbd7 7. O-O e5 8. e4 c6 9. h3 Qc7 10. Be3 Re8 11. d5 c5 12. Ne1 Nh5 13. Nd3 a6 14. a4 Rf8 15. a5 Rb8 16. b3 Qd8 17. Kh2 Qe8 18. Qd2 f5 19. exf5 gxf5 20. f4 e4 21. Nf2 Qg6 22. Nh1 Ndf6 23. Rg1 Kh8 24. Bf1 Rg8 25. Be2 Bd7 26. Ra2 h6 27. Nd1 Nh7 28. Qe1 N5f6 29. Bd2 Qf7 30. Bc3 Nh5 31. Ne3 Rbf8 32. Bxg7+ Rxg7 33. Bd1 Rfg8 34. Rag2 N5f6 35. Qc3 Nf8 36. g4 fxg4 37. hxg4 Nxg4+ 38. Nxg4 Qxf4+ 39. Kh3 Kh7 40. Nf2 e3 41. Bc2+ Kh8 42. Nd3 Qf3+ 43. Kh2 Ng6 44. Rg3 Qf5 45. Nde5 Nh4 46. Bxf5 Nxf5 47. Nf7+ Kh7 48. Nf6# 1-0


[Site "https://www.chess.com"]

[Event "Titled Tuesday Blitz October 11 Early 2022"]
[White "Chernobay, Artem"]
[Black "Dubov, Daniil"]
[WhiteFideId "4167406"]
[BlackFideId "24126055"]
[WhiteElo "2473"]
[BlackElo "2791"]
[Result "0-1"]
[Round "04"]
[TimeControl "180+1"]
[Date "2022.10.11"]
[WhiteClock "0:00:03"]
[BlackClock "0:00:08"]

1. e4 e5 2. Nc3 Nc6 3. g3 Nf6 4. Bg2 Bc5 5. Nge2 d6 6. d3 a5 7. O-O O-O 8. h3 Be6 9. Kh2 d5 10. f4 dxe4 11. Nxe4 Nxe4 12. Bxe4 Bd5 13. Nc3 Bxe4 14. Nxe4 Be7 15. f5 f6 16. Be3 a4 17. g4 Kh8 18. h4 a3 19. b3 Qd7 20. Qf3 Nb4 21. Rf2 Ra6 22. g5 fxg5 23. hxg5 Nd5 24. Bd2 Nf4 25. Bxf4 Qxf5 26. Raf1 exf4 27. Qxf4 Qxf4+ 28. Rxf4 Rxf4 29. Rxf4 Kg8 30. Kg3 b5 31. Kg4 b4 32. Nd2 Ra5 33. Rf5 Rxf5 34. Kxf5 g6+ 35. Kf4 Kf7 36. Nf3 Ke6 37. Ke4 c5 38. d4 cxd4 39. Nxd4+ Kd6 40. Nf3 Bd8 41. Kd4 Ke6 42. Ke4 Kd6 43. Kd4 Be7 44. Ke4 Kc5 45. Ke5 Bd6+ 46. Ke6 Bf4 47. Kf6 Kd5 48. Ne1 Be5+ 49. Kf7 Kd4 50. Nd3 Bd6 51. Ke6 Bf8 52. Kf7 Bc5 53. Kg7 Be7 54. Kxh7 Kc3 55. Kxg6 Kxc2 56. Kf7 Bxg5 57. Nxb4+ Kb2 58. Nd3+ Kxa2 59. b4 Kb1 60. b5 a2 61. b6 a1=Q 62. b7 Qa7 0-1


[Site "https://www.chess.com"]

[Event "Titled Tuesday Blitz October 11 Early 2022"]
[White "Ciuffoletti, Paolo"]
[Black "Deuer, Marius"]
[WhiteFideId "807630"]
[BlackFideId "16236432"]
[WhiteElo "2143"]
[BlackElo "2226"]
[Result "1-0"]
[Round "04"]
[TimeControl "180+1"]
[Date "2022.10.12"]
[WhiteClock "0:00:17"]
[BlackClock "0:00:04"]

1. e4 c5 2. d4 cxd4 3. c3 f5 4. exf5 Nf6 5. Bg5 d5 6. Bxf6 exf6 7. Qh5+ Kd7 8. Nf3 Nc6 9. Bb5 Qe8+ 10. Qxe8+ Kxe8 11. Nxd4 Bd7 12. g4 Kf7 13. Bxc6 bxc6 14. Nd2 h5 15. f3 c5 16. Ne2 Bd6 17. Kf2 Rae8 18. h3 Bb5 19. Rae1 a5 20. Ng3 Rxe1 21. Rxe1 hxg4 22. fxg4 Rxh3 23. Ngf1 Rd3 24. Re6 Be5 25. Rb6 1-0


[Site "https://www.chess.com"]